[Event "1st Anfield Cup 2022"]
[Site "Kyiv"]
[Date "2022.09.24"]
[Round "4.3"]
[White "Grinev, Valeriy"]
[Black "Shishkin, Vadim"]
[Result "1/2-1/2"]
[ECO "D85"]
[WhiteElo "2425"]
[BlackElo "2417"]
[Annotator "TA"]
[PlyCount "64"]
[EventDate "2022.09.20"]
[EventType "swiss"]
[EventCountry "UKR"]
[SourceTitle "playchess.com"]
[Source "ChessBase"]
[SourceQuality "1"]
[TimeControl "900+10"]

1. d4 Nf6 2. c4 g6 3. Nc3 d5 4. cxd5 Nxd5 5. e4 Nxc3 6. bxc3 Bg7 7. Nf3 c5 8. Be3 Qa5 9. Qd2 O-O 10. Rc1 Nd7 11. Bd3 {[%emt 0:00:48] D85: Exchange Grünfeld: Unusual White 7th moves and lines with 7 Nf3.} Nf6 12. h3 {[%emt 0:00:13] [#]} (12. dxc5 Rd8 13. Qc2 Ng4 $15) 12... e6 $146 ({Predecessor:} 12... cxd4 13. cxd4 Qxd2+ 14. Kxd2 Rd8 15. Rc7 Ne8 16. Rc2 Bd7 17. Rb1 b6 18. Rbc1 Nd6 {1-0 (57) Yilmaz,M (2630)-Lagno,K (2546) Chess.com INT 2021}) 13. O-O {[%emt 0:00:34] White is slightly better.} (13. Ne5 {keeps more tension.} b5 14. Bg5 Bb7 15. Bxf6 Bxf6 16. Nd7) 13... b6 14. Qe2 c4 15. Bb1 ({Much weaker is} 15. Bxc4 Nxe4 16. Qb2 Bb7 $15) 15... Bb7 16. Bg5 Nd7 17. Qe3 ({Much worse is} 17. Qxc4 Ba6 18. Qb3 Bxf1 19. Kxf1 Rab8 $11) 17... f6 18. Bh6 e5 19. Bxg7 Kxg7 20. Nh4 Rae8 21. Qg3 Kh8 22. Rce1 Qa3 23. Re3 Qe7 24. f4 exd4 25. cxd4 f5 26. d5 $2 {[%emt 0:01:30] [#]} (26. Rfe1 $1 $11 fxe4 27. Bxe4 Bxe4 28. Rxe4 Qxe4 29. Rxe4 Rxe4 30. f5) 26... Bxd5 $1 $19 ({Not} 26... fxe4 27. Rxe4 Qc5+ 28. Kh2 Rxe4 29. Bxe4 $11) 27. Kh1 (27. Rfe1 $142 fxe4 28. Bxe4 Bxe4 29. Rxe4 Qc5+ 30. Qf2 Qxf2+ 31. Kxf2) 27... Nf6 28. e5 Ne4 (28... Nh5 $19 29. Qf2 Ng7) 29. Bxe4 $17 Bxe4 (29... fxe4 $19 30. Rd1 Rd8) 30. Nf3 {[%emt 0:00:07] Against g5} Bxf3 31. Qxf3 Rc8 32. Rc3 (32. Rd1 $17 {was worth a try.}) 32... Rfd8 {[%emt 0:00:13] Weighted Error Value: White=0.27 (precise) /Black=0.25 (precise)} (32... b5 $19 33. a3 Rfd8) 1/2-1/2

[Event "1st Anfield Cup 2022"]
[Site "Kyiv"]
[Date "2022.09.24"]
[Round "4.4"]
[White "Yeshchenko, Uliana"]
[Black "Pavlov, Sergey"]
[Result "0-1"]
[ECO "A45"]
[WhiteElo "2073"]
[BlackElo "2333"]
[Annotator "TA"]
[PlyCount "79"]
[EventDate "2022.09.20"]
[EventType "swiss"]
[EventCountry "UKR"]
[SourceTitle "playchess.com"]
[Source "ChessBase"]
[SourceQuality "1"]
[TimeControl "900+10"]

1. d4 Nf6 2. Nc3 d5 3. Bf4 g6 4. e3 Bg7 5. Nf3 O-O 6. h4 {[%emt 0:00:02] D00: 1 d4 d5: Unusual lines.} c5 7. Be2 Nc6 8. Ne5 {[%emt 0:00:07] Black has an edge.} Qb6 9. Nxc6 bxc6 10. Na4 $1 Qa5+ 11. c3 cxd4 12. exd4 Nd7 13. b4 Qd8 {[%emt 0:00:04] [#]} 14. Qc1 $146 (14. O-O $11 {remains equal.}) ({Predecessor:} 14. h5 e5 15. Be3 a5 16. b5 cxb5 17. Bxb5 Ba6 18. Rb1 exd4 19. cxd4 Nf6 20. hxg6 fxg6 {1-0 (62) Starostits,I (2441)-Perez Garcia,R (2061) Seville 2022}) 14... a5 {[%emt 0:01:09] [#] aiming for ...axb4.} 15. Bh6 $2 (15. b5 $17 {was called for.}) 15... axb4 $19 16. h5 (16. Bxg7 {is a better defense.} Kxg7 17. Nc5) 16... Nf6 $2 (16... Rxa4 $19 17. Bxg7 Kxg7 18. hxg6 hxg6 19. Qh6+ Kf6) 17. hxg6 fxg6 (17... Rxa4 $2 18. gxh7+ Nxh7 19. Bxg7 $18) (17... Bxh6 $19 18. Qxh6 fxg6) 18. Nc5 ({White has to play} 18. Bxg7 $15 Kxg7 19. Nc5) 18... bxc3 (18... Bxh6 $19 19. Rxh6 Qa5 20. cxb4 Qxb4+ 21. Qd2 Qxd2+ 22. Kxd2 Nd7) 19. Bxg7 $15 Kxg7 20. Qh6+ {[%emt 0:00:02] White is now going downhill.} ({White should try} 20. Qxc3 $15 Qa5 21. Qxa5 Rxa5 22. a4) 20... Kg8 $19 21. g4 $2 (21. Qe3) 21... Rf7 22. Nd3 Nd7 {[%emt 0:00:49] White must now prevent ...Ra4.} ({And not} 22... Nxg4 23. Bxg4 Bxg4 24. Ne5 $17) 23. Nf4 (23. Qe3 $142) 23... Qf8 24. Qh4 (24. Nd3 $142) 24... Qg7 25. Ne6 Qf6 26. Ng5 Rg7 27. Qh6 Nf8 28. Rd1 c2 29. Rc1 Rxa2 {[%emt 0:00:06] [#] Strongly threatening ...Qf4.} 30. Rh3 Qxd4 {[%emt 0:00:43] Threatens to win with ...Ra1.} 31. Rd3 Qb2 32. Kd2 Qb4+ 33. Ke3 e5 34. Qh2 {[%emt 0:00:39] Against Qf4+} Qe7 35. Qh6 Qf6 36. Nh3 {[%emt 0:00:06] Against Qf4+} e4 37. Rb3 d4+ 38. Kxe4 Re7+ 39. Kd3 Qe6 40. Kxd4 {Weighted Error Value: White=1.84/Black=0.76} 0-1

[Event "1st Anfield Cup 2022"]
[Site "Kyiv"]
[Date "2022.09.24"]
[Round "4.5"]
[White "Skliarov, Viktor"]
[Black "Maliutin, Oleksandr"]
[Result "0-1"]
[ECO "B53"]
[WhiteElo "2384"]
[BlackElo "2232"]
[Annotator "TA"]
[PlyCount "134"]
[EventDate "2022.09.20"]
[EventType "swiss"]
[EventCountry "UKR"]
[SourceTitle "playchess.com"]
[Source "ChessBase"]
[SourceQuality "1"]
[TimeControl "900+10"]

1. e4 c5 2. Nf3 d6 3. d4 cxd4 4. Qxd4 Nc6 5. Bb5 Bg4 6. Qd3 {[%emt 0:01:30] B53: Sicilian: 2...d6: Lines with Qxd4.} Nf6 7. Nd4 Bd7 8. Nc3 {[%emt 0:00:37] The position is equal.} g6 {[%emt 0:00:12] [#]} 9. Nxc6 $146 ({Predecessor:} 9. Be3 Bg7 10. f3 Ne5 11. Bxd7+ Qxd7 12. Qb5 O-O 13. h3 Qxb5 14. Ndxb5 a6 15. Nd4 Nc4 16. Bc1 Nxe4 17. Nxe4 Bxd4 {0-1 (25) Calcagno,S-Weinfeld,K IECC email 1996}) 9... Bxc6 10. Bg5 Bg7 11. O-O O-O 12. Rad1 Qa5 13. Bxc6 {[%emt 0:02:24] Black must now prevent Qb5.} bxc6 14. Qd2 Rfe8 15. Bxf6 Bxf6 16. Nd5 $1 Qxa2 17. Nxf6+ exf6 18. b3 Rxe4 19. Qc3 {[%emt 0:00:25] Strongly threatening Ra1.} Re2 20. Qxc6 Rae8 (20... Rd8 $15) 21. Rxd6 $11 Qxc2 (21... f5 {with more complications.} 22. Rd2 Qb2 23. h4 h5) 22. Qxc2 Rxc2 23. Rxf6 {[%emt 0:00:08][%mdl 4096] Endgame KRR-KRR} Rb2 24. Ra6 Re7 25. g3 Rxb3 26. Rfa1 Rbb7 27. h4 h5 28. Kg2 Kf8 29. R1a4 Ke8 30. Ra3 Kd8 31. R3a4 Kc8 32. Rc4+ Kb8 33. Rcc6 Rb2 34. Rf6 Kb7 35. Ra4 Rb6 36. Rf3 f5 (36... a6 $15) 37. Rfa3 a6 38. Kf3 Ree6 39. Kf4 Rb2 40. f3 Rb5 41. g4 ({Better is} 41. Rd4 $11) 41... fxg4 $15 42. fxg4 Reb6 {[%emt 0:00:27] Black is more active.} 43. gxh5 Rxh5 44. Kg3 Rhb5 45. Ra1 Rb3+ 46. Kg4 R6b4+ 47. Rxb4+ Rxb4+ $11 {[%emt 0:00:01] KR-KR} 48. Kg5 Rb6 49. Kh6 Rd6 50. h5 $2 (50. Kg5 $11) 50... gxh5+ $19 51. Kxh5 Kb6 $2 (51... Rd4 $1 {mates} 52. Kg5 Kb6 53. Rb1+ Kc6 54. Ra1 Kb5 55. Rb1+ Rb4 56. Rf1 a5 57. Rf5+ Ka4 58. Rf6 Kb3 59. Rf3+ Kb2 60. Rf2+ Ka3 61. Rh2 a4 62. Rh3+ Ka2 63. Rh7 a3 64. Kf5 Ka1 65. Kg6 a2 66. Rf7 Kb2 67. Rf2+ Kb3 68. Rf3+ Ka4 69. Rf6 Rb5 70. Rf1 Rb6+ 71. Kh5 Rb1 72. Rf4+ Rb4 73. Rf1 Rb1 74. Rf4+ Rb4 75. Rf1 Rb1) 52. Rb1+ Kc5 {[%emt 0:00:12] ( -> ...a5)} 53. Rc1+ $2 {[%emt 0:00:11][%mdl 8192] [#]} (53. Ra1 $17) 53... Kb4 $1 {[%emt 0:00:25] Black mates.} 54. Rb1+ Kc3 55. Rc1+ Kb3 56. Rb1+ Kc2 57. Rb8 a5 58. Ra8 Rd5+ 59. Kg4 Rb5 60. Kf3 {[%emt 0:00:05] [#]} Kb3 $1 61. Ke2 a4 62. Kd2 a3 63. Kc1 a2 64. Ra7 Rb4 65. Ra8 Rc4+ 66. Kd2 Ra4 67. Rb8+ Ka3 {[%emt 0:00:03] Weighted Error Value: White=0.37/Black=0.19 (very precise)} 0-1

[Event "1st Anfield Cup 2022"]
[Site "Kyiv"]
[Date "2022.09.24"]
[Round "4.6"]
[White "Dmitrenko, Viktor"]
[Black "Golichenko, Ilija"]
[Result "1/2-1/2"]
[ECO "E18"]
[WhiteElo "2266"]
[BlackElo "2413"]
[Annotator "TA"]
[PlyCount "100"]
[EventDate "2022.09.20"]
[EventType "swiss"]
[EventCountry "UKR"]
[SourceTitle "playchess.com"]
[Source "ChessBase"]
[SourceQuality "1"]
[TimeControl "900+10"]

1. Nf3 Nf6 2. c4 b6 3. g3 Bb7 4. Bg2 e6 5. O-O Be7 6. d4 O-O 7. Nc3 Ne4 8. Bd2 Nxc3 9. Bxc3 d5 {[%emt 0:00:01] has lost popularity (9...Be4).} 10. Ne5 {[%emt 0:00:29] [#]} c5 $146 {[%emt 0:00:28] E18: Queen's Indian: Old Main Line (4 g3 Bb7 5 Bg2 Be7 6 0-0 0-0 7 Nc3).} (10... a5 $11) ({Predecessor:} 10... Nd7 11. cxd5 exd5 12. Qc2 Re8 13. Rfd1 Bd6 14. Nc4 Bf8 15. Rac1 Qe7 16. e3 Nf6 17. Ne5 a5 18. a3 {0-1 (52) Xu,Y (2545)-Bu,X (2725) China 2018}) 11. cxd5 exd5 12. dxc5 Bxc5 {[%emt 0:02:26] White is better.} 13. Qa4 Nc6 14. Nd3 {[%emt 0:03:16] White is much more active. The black rooks are badly placed.} Qd7 (14... d4 $16 {was called for.}) 15. Rad1 (15. Rfd1 $1 $18) 15... d4 $16 16. b4 $36 {[%emt 0:01:41][%cal Bb2b4,Bb4b5][%mdl 2080] Black is under strong pressure.} Be7 (16... dxc3 $2 17. Nxc5 Qg4 18. Nxb7 $18) 17. b5 Na5 (17... dxc3 $2 18. bxc6 Qe8 19. Ne5 $18) 18. Qxd4 (18. Ne5 {with more complications.} Qe6 19. Qxd4 Bf6 20. Qd7) 18... Qxd4 19. Bxd4 Bxg2 20. Kxg2 Rfd8 21. Bc3 Rac8 (21... Nb7 $16) 22. Bxa5 $18 bxa5 23. Rc1 {[%emt 0:00:03] Inhibits Rc2.} (23. Ne5 $1 $18 {has better winning chances.}) 23... Ba3 $16 24. Rc6 Rxc6 25. bxc6 {[%emt 0:00:01][%mdl 4096] Endgame aiming for Rb1. KRB-KRN} Rc8 26. Rb1 {[%emt 0:00:20] Strongly threatening Rb5.} f6 $2 {[%emt 0:00:12] [#]} (26... Rxc6 $16 27. Rb5 a6 28. Rxa5 Be7) 27. Rb7 (27. Rb5 $1 $18) 27... Rxc6 28. Rxa7 Bb4 29. Kf3 Rc2 30. a3 Bd2 31. e3 Ra2 32. Nc5 Be1 33. Nd3 ({White should try} 33. Ra8+ $14 Kf7 34. Ra7+ Kg8 35. Nd3) 33... Bc3 (33... Bd2 $1 $11 {remains equal.}) 34. Nc5 (34. h4 $16) 34... Rxa3 (34... Be1 $11) 35. Ke4 g6 {[%emt 0:00:19] [#]} (35... Ra2 $11 {keeps the balance.}) 36. g4 (36. Kd5 $1 $16) 36... Be1 37. f4 (37. Nd7 $14 Kf7 38. f4) 37... Bd2 $11 38. Nd7 Rxe3+ 39. Kd5 Bc3 40. g5 {[%emt 0:00:08] The position is equal.} f5 41. Ne5 Bxe5 42. fxe5 {[%emt 0:00:01] KR-KR} f4 43. Ke6 {[%emt 0:00:09] Kf6 would kill now.} Rb3 44. Ra8+ Kg7 45. Ra7+ Kg8 46. Ra8+ Kg7 47. Ra7+ Kg8 48. Ra8+ Kg7 49. Ra7+ Kg8 50. Kf6 {White threatens Ra8+ and mate.} Rb8 {Against Ra8. Blacks defense is rewarded with a draw.  Weighted Error Value: White=0.23 (precise) /Black=0.28 (precise)} 1/2-1/2

[Event "1st Anfield Cup 2022"]
[Site "Kyiv"]
[Date "2022.09.25"]
[Round "5.1"]
[White "Pavlov, Sergey"]
[Black "Vysochin, Spartak"]
[Result "1/2-1/2"]
[ECO "A21"]
[WhiteElo "2333"]
[BlackElo "2512"]
[Annotator "TA"]
[PlyCount "93"]
[EventDate "2022.09.20"]
[EventType "swiss"]
[EventCountry "UKR"]
[SourceTitle "playchess.com"]
[Source "ChessBase"]
[SourceQuality "1"]
[TimeControl "900+10"]

1. c4 e5 2. Nc3 Bb4 3. Qc2 Ne7 4. Nf3 d6 5. Qa4+ Nbc6 {[%emt 0:00:40] [#]} 6. Nd5 $146 {[%emt 0:00:02] A21: English Opening: 1...e5 2 Nc3.} ({Predecessor:} 6. e4 Bd7 7. Qb3 O-O 8. Bd3 Bg4 9. Be2 f5 10. c5+ Kh8 11. cxd6 Qxd6 12. exf5 Nxf5 {0-1 (24) Giessing,K (1520)-Mucur,Y ICCF email 2016}) 6... Bc5 7. b4 Bb6 8. Nxb6 {[%emt 0:00:02] White is slightly better.} cxb6 9. Bb2 (9. b5 $5 Nb8 10. d4 $14) 9... Bg4 10. e3 O-O 11. b5 Na5 12. c5 Bxf3 13. cxd6 Qxd6 14. gxf3 Rfd8 15. Rd1 Rac8 16. Be2 Nd5 17. Rg1 f6 18. Kf1 ({Much weaker is} 18. Qg4 g6 $11) 18... Qb4 (18... Qe6 $11 {should be considered.}) 19. Qxb4 $14 Nxb4 20. f4 (20. Rg4 $14 Nd3 21. Bc3) 20... Rc2 21. Ba3 Nd5 $36 {[%emt 0:01:01][%mdl 2048] White is under pressure.} 22. fxe5 fxe5 23. Rg5 (23. Rb1 $11) 23... Rxa2 $17 24. Bc1 e4 (24... Nf6 $1 $17 {And now ...Rc8 would win.} 25. Ke1 Kh8) 25. Bg4 $11 {[%emt 0:00:01] Against Rc8} Kf7 {[%emt 0:00:17] Against Be6+. ...Nf6 is the strong threat.} 26. Re5 Rd6 {[%emt 0:00:15] Inhibits Be6+. Threatens to win with ...Nf6.} 27. Rxe4 Nf6 {[%emt 0:00:09] Pair of Knights!} 28. Rf4 Nb3 {[%emt 0:00:05] Black wants to play ...g5.} (28... g5 $5 29. Rf3 h5 30. Bxh5+ Kg7 $11) 29. Be2 Nxc1 30. Rxc1 {[%emt 0:00:11] aiming for Bc4+.} Raxd2 31. Ra4 Rb2 32. Rxa7 Rdd2 33. Rxb7+ Kg6 34. Re1 Nd5 35. h4 $1 Nc3 36. Rxb6+ Kf5 37. Bc4 (37. Rc6 $1 $11 {and White stays safe.} Nxe2 38. Rc4) 37... Rxf2+ $19 38. Kg1 Rg2+ 39. Kh1 Rh2+ 40. Kg1 Rbg2+ 41. Kf1 Kg4 42. Rb7 g6 43. e4 Rf2+ 44. Kg1 Rhg2+ $1 45. Kh1 {[%emt 0:00:01] [#]} Rh2+ $2 (45... Nxe4 $1 $19 {[%mdl 512] ( -> ...Ng3#)} 46. Rxe4+ Kf3 47. Rf7+ Kxe4 48. Rxh7 Rh2+ 49. Kg1 Rfg2+ 50. Kf1 Rc2) 46. Kg1 $11 Rhg2+ $2 (46... Rfg2+ $11 47. Kf1 {[#]} Nxe4 $1 48. Rxe4+ Kf3 49. Rf7+ Kxe4 50. Re7+ Kd4) 47. Kh1 {[%emt 0:00:01][%mdl 32768] Weighted Error Value: White=0.20 (precise) /Black=0.27 (precise) . An unexpected result.} 1/2-1/2

[Event "1st Anfield Cup 2022"]
[Site "Kyiv"]
[Date "2022.09.25"]
[Round "5.2"]
[White "Maliutin, Oleksandr"]
[Black "Bakhmatsky, Vladislav"]
[Result "0-1"]
[ECO "E00"]
[WhiteElo "2232"]
[BlackElo "2468"]
[Annotator "TA"]
[PlyCount "54"]
[EventDate "2022.09.20"]
[EventType "swiss"]
[EventCountry "UKR"]
[SourceTitle "playchess.com"]
[Source "ChessBase"]
[SourceQuality "1"]
[TimeControl "900+10"]

1. d4 Nf6 2. c4 e6 3. Nc3 d5 4. e3 Be7 5. Nf3 O-O 6. cxd5 exd5 7. Be2 {[%emt 0:02:10] D35: Queen's Gambit Declined: Exchange Variation.} c6 8. Ne5 Nbd7 {[%emt 0:05:35] [#]} 9. f4 $146 {[%emt 0:02:19] The position is equal.} ({Predecessor:} 9. Nxd7 Qxd7 10. O-O Bd6 11. Bf3 Bc7 12. e4 dxe4 13. Nxe4 Nxe4 14. Bxe4 Qd6 15. g3 {½-½ (22) Richter,T (1620)-Leuschner,S (1374) Passau 2000}) 9... Nxe5 10. fxe5 Ne8 (10... Nd7 $5 ) 11. O-O f6 12. e4 fxe5 13. Rxf8+ Bxf8 14. exd5 exd4 15. Qxd4 Be6 16. Bf3 Nc7 17. Bf4 {[%emt 0:01:35] [#] Bxc7 is the strong threat.} (17. Be3 $5 Nxd5 18. Rd1 $11) 17... Nxd5 18. Rd1 (18. Nxd5 $15 Bxd5 19. Rd1) 18... Qa5 $17 {[%emt 0:00:21] Threatens to win with ...Bc5.} 19. Qe4 $2 {[%emt 0:00:24] White does not recover from this.} ({Don't blunder} 19. Nxd5 $2 Bc5 20. Qxc5 Qxc5+ $19) (19. Bxd5 $17 Bxd5 20. Qe5 (20. Nxd5 $2 Bc5 $19)) 19... Nxf4 $19 20. Qxf4 {[%emt 0:00:01] [#]} Qb6+ $1 21. Kh1 Qxb2 22. Ne4 Bxa2 23. h4 h6 {[%emt 0:00:31] Black is clearly winning.} 24. Rd7 Be6 25. Rc7 (25. Rd2 $142 Qb4 26. Qe3) 25... Rc8 26. Bh5 (26. Bg4 $142 Bxg4 27. Qf7+ Kh8 28. Rxc8 Bxc8 29. Qxf8+ Kh7 30. Qxc8 Qb1+ 31. Kh2 Qxe4 32. Qxb7) 26... Rxc7 27. Qxc7 Qb1+ {[%emt 0:00:03] Weighted Error Value: White=1.11/Black=0.34} 0-1

[Event "1st Anfield Cup 2022"]
[Site "Kyiv"]
[Date "2022.09.25"]
[Round "5.3"]
[White "Malakhatko, Vadim"]
[Black "Golubev, Mikhail"]
[Result "0-1"]
[ECO "E97"]
[WhiteElo "2448"]
[BlackElo "2461"]
[Annotator "TA"]
[PlyCount "90"]
[EventDate "2022.09.20"]
[EventType "swiss"]
[EventCountry "UKR"]
[SourceTitle "playchess.com"]
[Source "ChessBase"]
[SourceQuality "1"]
[TimeControl "900+10"]

1. d4 {[%emt 0:00:06] ChessBase II} Nf6 2. c4 g6 3. Nc3 Bg7 4. e4 d6 5. Nf3 O-O 6. Be2 e5 7. O-O Nc6 8. d5 Ne7 9. a4 a5 10. Ne1 Nd7 11. Nd3 f5 12. f3 b6 {[%emt 0:02:03] E97: King's Indian: Classical Main Line (6...e5 7 0-0 Nc6): 8 Be3 and 8 d5 Ne7, not 9 Ne1.} 13. Nb5 {[%emt 0:01:14] [#]} Nc5 $146 ({Predecessor:} 13... Kh8 14. Bd2 Ng8 15. b4 axb4 16. Bxb4 Bh6 17. exf5 gxf5 18. f4 e4 19. Bc3+ Bg7 20. Bxg7+ Kxg7 {1-0 (40) Wojtaszek,R (2746)-Maze,S (2572) Montpellier 2015 CBM 166 Extra [ChessBase II]}) 14. Nf2 Kh8 {[%emt 0:00:45] The position is equal.} 15. Bd2 Ng8 16. b4 axb4 17. Bxb4 Nf6 18. Qc2 fxe4 19. fxe4 Bh6 20. Ra3 {[%emt 0:00:46] Inhibits Be3.} Bd7 21. Bf3 (21. Bxc5 $5 bxc5 22. a5 $11) 21... Bf4 22. Rfa1 h5 23. Qe2 Kg7 ({Black should play} 23... Nb7 $1 $15) 24. a5 $14 bxa5 25. Bxa5 {[%emt 0:00:34] [#]} (25. Bxc5 $14 Bxb5 26. cxb5 dxc5 27. Nd3) 25... Rxa5 $1 $11 26. Rxa5 Nb3 27. Ra8 Qxa8 28. Rxa8 Rxa8 29. Qb2 {[%emt 0:00:16] [#]} (29. Nd1 $11) 29... Bxb5 (29... Be3 $1 $17 30. h3 (30. Qxb3 $2 Ra1+ 31. Bd1 Ng4 $19) 30... Nd2) 30. cxb5 Nd4 31. Qc3 Nxb5 {[%emt 0:00:33] Pair of Knights!} 32. Qb2 Be3 33. g3 (33. h4 $11 {remains equal.}) 33... Nd4 $17 34. Kg2 Bxf2 {[%emt 0:00:26] Black has more active pieces.} 35. Kxf2 Rf8 {[%emt 0:00:05] Threatens to win with ...Ng4+.} 36. Kg2 $2 {[%emt 0:00:20][%mdl 8192] Now White is beyond hope.} (36. Bg2 $17) 36... Nxf3 $19 37. Kxf3 {[%emt 0:00:01][%mdl 4096] Endgame [#] KQ-KRN} Ng4+ $1 38. Kg2 Rf2+ 39. Qxf2 Nxf2 40. Kxf2 {[%emt 0:00:01] KP-KP} Kf6 41. h4 Ke7 {[%emt 0:00:09] Black mates.} 42. Ke3 Kd7 43. Kd3 c6 44. dxc6+ Kxc6 45. Kc4 d5+ {Weighted Error Value: White=0.68/Black=0.09 (flawless)} 0-1

[Event "1st Anfield Cup 2022"]
[Site "Kyiv"]
[Date "2022.09.25"]
[Round "5.4"]
[White "Andreev, Eduard"]
[Black "Sydoryka, Vladyslav"]
[Result "1-0"]
[ECO "B12"]
[WhiteElo "2413"]
[BlackElo "2278"]
[Annotator "TA"]
[PlyCount "69"]
[EventDate "2022.09.20"]
[EventType "swiss"]
[EventCountry "UKR"]
[SourceTitle "playchess.com"]
[Source "ChessBase"]
[SourceQuality "1"]
[TimeControl "900+10"]

1. e4 c6 2. d4 d5 3. e5 Bf5 4. Nf3 e6 5. Be2 c5 6. Be3 Qb6 {[%emt 0:00:02] is the new trend.} 7. Nc3 Nc6 ({Resist} 7... Qxb2 8. Nb5 $16) 8. O-O {[%emt 0:00:09] B12: Caro-Kann: Advance Variation.} Qxb2 9. Qe1 (9. Nb5 $16 {Threatens to win with Nc7+.} Rc8 10. dxc5 Qxc2 11. Qxc2 Bxc2 12. Nfd4 Nxd4 13. Bxd4) 9... cxd4 $11 ({Don't do} 9... Bxc2 10. dxc5 Bg6 11. a3 $16) 10. Bxd4 {[%emt 0:00:05] The position is equal.} Nxd4 (10... Qxc2 $2 11. Rc1 Qb2 12. Nxd5 $1 Qxc1 13. Nc7+ Kd7 14. Qxc1 $18) (10... Bxc2 $2 11. Nb5 Nxd4 12. Nfxd4 $18) 11. Nxd4 Bb4 12. Rb1 Bxc3 {[%emt 0:00:25] This bishop pair is nice.} 13. Rxb2 Bxe1 14. Rxe1 b6 15. h4 h5 {[%emt 0:00:21] Against g4} 16. Nxf5 exf5 17. c4 Ne7 18. Rd2 Rd8 (18... O-O-O $11 {remains equal.}) 19. cxd5 $1 $16 {[%emt 0:01:00] White is more active. Black is now going downhill.} Rxd5 20. Red1 Rxd2 21. Bb5+ Kf8 22. Rxd2 {[%emt 0:00:03][%cal Rd2d8][%mdl 4096] [#] Endgame KRB-KRN} Ng6 $146 {[%emt 0:00:48] [#]} ({Predecessor:} 22... g5 23. Rd8+ Kg7 24. Rd7 Ng6 25. e6 Kf6 26. exf7 gxh4 27. Rxa7 Ne5 28. Rb7 Nxf7 29. Rxb6+ {½-½ (99) Kovchan,A (2574)-Bryakin,M (2481) Novi Sad 2022}) 23. f4 $1 Ke7 ({Black should play} 23... a6 24. Bxa6 Ke7) 24. Rd7+ Ke6 25. g3 Rc8 (25... a6 $16 {was worth a try.}) 26. Rxa7 $18 {[%emt 0:00:04] Hoping for Bd7+.} Rc3 27. Kf2 {[%emt 0:01:29] Black must now prevent Bd7+.} Ne7 (27... f6 {was called for.} 28. Rxg7 Nf8 29. exf6 (29. Rg8 Kf7 $18) 29... Kxf6) 28. Ba4 (28. Bd7+ $142 Kd5 29. Ba4) 28... Nc6 $2 (28... Nd5 {is a better chance.} 29. Bd7+ Ke7 30. Bxf5+ Kf8) 29. Rc7 {[%emt 0:02:59] aiming for Bb3+. White is clearly winning.} Kd5 30. Rxf7 Nd4 31. Rd7+ Ke4 32. e6 Rf3+ 33. Kg2 {[%emt 0:00:03] e7 would kill now.} Re3 34. e7 Kd3 {[%emt 0:00:13] [#] Prevents Bc2+.} 35. Rxd4+ $1 {[%mdl 512] Weighted Error Value: White=0.11 (very precise) /Black=0.40} 1-0

[Event "1st Anfield Cup 2022"]
[Site "Kyiv"]
[Date "2022.09.25"]
[Round "5.5"]
[White "Maly, Alexey"]
[Black "Grinev, Valeriy"]
[Result "1-0"]
[ECO "D85"]
[WhiteElo "2370"]
[BlackElo "2425"]
[Annotator "TA"]
[PlyCount "64"]
[EventDate "2022.09.20"]
[EventType "swiss"]
[EventCountry "UKR"]
[SourceTitle "playchess.com"]
[Source "ChessBase"]
[SourceQuality "1"]
[TimeControl "900+10"]

1. d4 Nf6 2. c4 g6 3. Nc3 d5 4. cxd5 Nxd5 5. e4 Nxc3 6. bxc3 Bg7 7. Nf3 c5 8. Be3 Qa5 9. Qd2 Nc6 10. Rc1 cxd4 11. cxd4 Qxd2+ 12. Kxd2 O-O 13. d5 {[%emt 0:01:39] D85: Exchange Grünfeld: Unusual White 7th moves and lines with 7 Nf3.} Na5 14. Rc7 e6 (14... f5 $11 {is superior.}) 15. Bc5 (15. d6 $14 {deserves consideration.}) 15... Rd8 $11 {[%emt 0:00:08] [#]} 16. d6 $146 ({Predecessor:} 16. Be7 Rd7 17. Rxd7 Bxd7 18. Bb4 b6 19. Ba6 exd5 20. exd5 Ba4 21. Bxa5 bxa5 22. Rb1 {½-½ (70) Andersen,H-Tschann,S (2220) Germany 2005}) 16... b6 17. Bb4 Nb7 (17... e5 $11 {remains equal.}) 18. e5 $16 f6 {[%emt 0:02:42] [#]} 19. Nd4 $1 {[%emt 0:01:35] aiming for Nc6.} fxe5 20. Nc6 {[%emt 0:02:14] White has more active pieces.} Rxd6+ 21. Bxd6 Nxd6 22. Be2 Bb7 23. Rd1 Bxc6 24. Rxc6 Nf5 25. Bc4 Rd8+ 26. Ke1 Rxd1+ $2 {[%emt 0:00:04] [#] A mistake that costs the game.} (26... Nd4 $16 27. Bxe6+ Kh8) 27. Kxd1 {[%emt 0:00:00][%mdl 4096] Endgame KRB-KBN} Nd4 28. Bxe6+ Kf8 29. Rc8+ Ke7 30. Rc7+ Kxe6 {[%emt 0:00:01] White is clearly winning.} 31. Rxg7 a5 32. Rxh7 Kd5 {Weighted Error Value: White=0.04 (flawless) /Black=0.29 (precise)} 1-0